MLB
WASHINGTON NATIONALS @ LOS ANGELES DODGERS
05/12/2044
 
TOP OF THE 1ST
Washington Nationals batting - Pitching for Los Angeles Dodgers : LHP Alastair Tippett
Pitching: LHP Alastair Tippett
Batting: RHB Luis Torres 0-0: Called Strike
0-1: Ball
1-1: Ground out 4-3 (Groundball, 4, EV 100.0 MPH)
Batting: RHB Tommy Baird 0-0: Ball
1-0: Swinging Strike
1-1: Ball
2-1: Called Strike
2-2: Ground out 5-3 (Groundball, 56S, EV 80.0 MPH)
Batting: SHB Junzo Kato 0-0: Ball
1-0: Ball
2-0: Ground out 5-3 (Groundball, 5, EV 87.5 MPH)
Top of the 1st over - 0 runs, 0 hits, 0 errors, 0 left on base; Washington 0 - Los Angeles 0
BOTTOM OF THE 1ST
Los Angeles Dodgers batting - Pitching for Washington Nationals : RHP Danny Diaz
Pitching: RHP Danny Diaz
Batting: RHB Jorge Severiano 0-0: Ground out 3-1 (Groundball, 34S, EV 82.5 MPH)
Batting: SHB Carlos Rodriguez 0-0: Ball
1-0: Ball
2-0: Ball
3-0: Called Strike
3-1: Foul Ball, location: 2F
3-2: Fly out, F7 (Line Drive, 7, EV 87.5 MPH)
Batting: LHB Bob Branham 0-0: Ball
1-0: Called Strike
1-1: Swinging Strike
1-2: Strikes out swinging
Bottom of the 1st over - 0 runs, 0 hits, 0 errors, 0 left on base; Washington 0 - Los Angeles 0
TOP OF THE 2ND
Washington Nationals batting - Pitching for Los Angeles Dodgers : LHP Alastair Tippett
Batting: RHB John Sanders 0-0: Ball
1-0: Ball
2-0: Foul Ball, location: 2F
2-1: Ball
3-1: Ground out 6-3 (Groundball, 6, EV 88.8 MPH)
Batting: LHB R.J. O'Brien 0-0: Ball
1-0: Ground out 5-3 (Groundball, 56S, EV 65.0 MPH)
Batting: RHB Dan Fallon 0-0: Called Strike
0-1: Fly out, F8 (Flyball, 8LS, EV 91.9 MPH)
Top of the 2nd over - 0 runs, 0 hits, 0 errors, 0 left on base; Washington 0 - Los Angeles 0
BOTTOM OF THE 2ND
Los Angeles Dodgers batting - Pitching for Washington Nationals : RHP Danny Diaz
Batting: LHB Lirak Bazhunaishvili 0-0: Ball
1-0: Foul Ball, location: 2F
1-1: Foul Ball, location: 2F
1-2: Ball
2-2: Ground out U3 (Groundball, 3, EV 80.6 MPH)
Batting: RHB Clay Buchanan 0-0: Foul Ball, location: 2F
0-1: Ball
1-1: SOLO HOME RUN (Flyball, 78XD, EV 98.8 MPH), Distance : 415 ft
Batting: LHB Ryan Taylor 0-0: Swinging Strike
0-1: Swinging Strike
0-2: Strikes out swinging
Batting: RHB Tsutomu Irie 0-0: Foul Ball, location: 2F
0-1: Swinging Strike
0-2: Foul Ball, location: 2F
0-2: Ball
1-2: Foul Ball, location: 2F
1-2: Ball
2-2: Ground out 4-3 (Groundball, 4, EV 105.6 MPH)
Bottom of the 2nd over - 1 run, 1 hit, 0 errors, 0 left on base; Washington 0 - Los Angeles 1
TOP OF THE 3RD
Washington Nationals batting - Pitching for Los Angeles Dodgers : LHP Alastair Tippett
Batting: RHB Mike Blair 0-0: Ball
1-0: Ball
2-0: Fly out, F2 (Popup, 3SF, EV 81.9 MPH)
Batting: SHB Andrew Wray II 0-0: Called Strike
0-1: Called Strike
0-2: Foul Ball, location: 2F
0-2: Ball
1-2: Foul Ball, location: 2F
1-2: Foul Ball, location: 2F
1-2: Fly out, F7 (Flyball, 7S, EV 88.8 MPH)
Batting: LHB Armando Carbajal 0-0: Ball
1-0: SINGLE (Line Drive, 4D, EV 107.5 MPH)
Batting: RHB Luis Torres 0-0: Ball
1-0: Ball
2-0: Called Strike
2-1: Called Strike
2-2: Ball
3-2: Base on Balls
Armando Carbajal to second
Batting: RHB Tommy Baird 0-0: Fielders Choice at 2nd, 5-4 (Groundball, 56, EV 103.8 MPH)
Top of the 3rd over - 0 runs, 1 hit, 0 errors, 2 left on base; Washington 0 - Los Angeles 1
BOTTOM OF THE 3RD
Los Angeles Dodgers batting - Pitching for Washington Nationals : RHP Danny Diaz
Batting: RHB Ben Mischnick 0-0: Foul Ball, location: 2F
0-1: Ball
1-1: Ground out 1-3 (Groundball, 13S, EV 63.1 MPH)
Batting: RHB Edwin Soto 0-0: Fly out, F9 (Flyball, 9LS, EV 88.8 MPH)
Batting: RHB Jorge Severiano 0-0: Swinging Strike
0-1: Ball
1-1: SINGLE (Line Drive, 8RS, EV 110.0 MPH)
Batting: SHB Carlos Rodriguez 0-0: Fly out, F7 (Line Drive, 7S, EV 88.1 MPH)
Bottom of the 3rd over - 0 runs, 1 hit, 0 errors, 1 left on base; Washington 0 - Los Angeles 1
TOP OF THE 4TH
Washington Nationals batting - Pitching for Los Angeles Dodgers : LHP Alastair Tippett
Batting: SHB Junzo Kato 0-0: Called Strike
0-1: Foul Ball, location: 2F
0-2: Ball
1-2: Ball
2-2: Ball
3-2: Foul Ball, location: 2F
3-2: SINGLE (Groundball, 3D, EV 96.9 MPH)
Batting: RHB John Sanders 0-0: Called Strike
Junzo Kato steals 2nd base
0-1: Ground out 5-3 (Groundball, 56S, EV 68.8 MPH)
Junzo Kato to third
Batting: LHB R.J. O'Brien 0-0: Ball
1-0: Ball
2-0: Ball
3-0: Called Strike
3-1: Base on Balls
Batting: RHB Dan Fallon 0-0: Ball
1-0: Ball
2-0: Fly out, F7 (Flyball, 78D, EV 81.9 MPH)
Runner from 3rd tags up, SCORES, throw by LF
Batting: RHB Mike Blair 0-0: Called Strike
0-1: Ball
1-1: Foul Ball, location: 2F
1-2: Strikes out swinging
Top of the 4th over - 1 run, 1 hit, 0 errors, 1 left on base; Washington 1 - Los Angeles 1
BOTTOM OF THE 4TH
Los Angeles Dodgers batting - Pitching for Washington Nationals : RHP Danny Diaz
Batting: LHB Bob Branham 0-0: Foul Ball, location: 2F
0-1: Ball
1-1: Ball
2-1: Foul Ball, location: 2F
2-2: Ground out 1-3 (Groundball, 13S, EV 70.6 MPH)
Batting: LHB Lirak Bazhunaishvili 0-0: SINGLE (Groundball, 4M, EV 102.5 MPH) (infield hit)
Batting: RHB Clay Buchanan 0-0: Ball
1-0: Called Strike
1-1: Swinging Strike
1-2: Strikes out looking
Batting: LHB Ryan Taylor 0-0: Ball
1-0: Ball
2-0: Foul Ball, location: 2F
2-1: Ball
3-1: Base on Balls
Lirak Bazhunaishvili to second
Batting: RHB Tsutomu Irie 0-0: Called Strike
0-1: Fly out, F8 (Line Drive, 8LD, EV 83.8 MPH)
Bottom of the 4th over - 0 runs, 1 hit, 0 errors, 2 left on base; Washington 1 - Los Angeles 1
TOP OF THE 5TH
Washington Nationals batting - Pitching for Los Angeles Dodgers : LHP Alastair Tippett
Batting: SHB Andrew Wray II 0-0: SINGLE (Groundball, 56D, EV 96.9 MPH)
Batting: LHB Armando Carbajal 0-0: Ball
1-0: Ball
2-0: Reached on error, E3 (Groundball, 3, EV 99.4 MPH)
Andrew Wray II to second
Batting: RHB Luis Torres 0-0: Ball
1-0: Called Strike
1-1: Ball
2-1: DOUBLE (Flyball, 8RXD, EV 100.6 MPH)
Andrew Wray II scores
Armando Carbajal to third
Batting: RHB Tommy Baird 0-0: Ball
1-0: Foul Ball, location: 2F
1-1: Fly out, F8 (Line Drive, 8RD, EV 96.3 MPH)
Batting: SHB Junzo Kato 0-0: Ball
1-0: DOUBLE (Line Drive, 5D, EV 96.3 MPH)
Armando Carbajal scores
Luis Torres scores
Batting: RHB John Sanders 0-0: Ball
1-0: Fly out, F8 (Line Drive, 8RD, EV 89.4 MPH)
Runner from 2nd tags up, SAFE at 3rd with throw by CF
Batting: LHB R.J. O'Brien 0-0: Ball
1-0: Ground out 5-3 (Groundball, 56, EV 98.1 MPH)
Top of the 5th over - 3 runs, 3 hits, 1 error, 1 left on base; Washington 4 - Los Angeles 1
BOTTOM OF THE 5TH
Los Angeles Dodgers batting - Pitching for Washington Nationals : RHP Danny Diaz
Batting: RHB Ben Mischnick 0-0: Swinging Strike
0-1: Ball
1-1: Foul Ball, location: 2F
1-2: Ground out 6-3 (Groundball, 6, EV 103.1 MPH)
Batting: RHB Edwin Soto 0-0: Ball
1-0: Swinging Strike
1-1: Foul Ball, location: 2F
1-2: Foul Ball, location: 2F
1-2: Ground out 6-3 (Groundball, 6, EV 102.5 MPH)
Batting: RHB Jorge Severiano 0-0: Fly out, F8 (Flyball, 8LD, EV 106.3 MPH)
Bottom of the 5th over - 0 runs, 0 hits, 0 errors, 0 left on base; Washington 4 - Los Angeles 1
TOP OF THE 6TH
Washington Nationals batting - Pitching for Los Angeles Dodgers : LHP Alastair Tippett
Batting: RHB Dan Fallon 0-0: Swinging Strike
0-1: Ground out 6-3 (Groundball, 6, EV 105.6 MPH)
Batting: RHB Mike Blair 0-0: Called Strike
0-1: Ball
1-1: Foul Ball, location: 2F
1-2: Fly out, F8 (Flyball, 8RM, EV 91.3 MPH)
Batting: SHB Andrew Wray II 0-0: Called Strike
0-1: Swinging Strike
0-2: Ball
1-2: Ball
2-2: Ground out 6-3 (Groundball, 6, EV 93.8 MPH)
Top of the 6th over - 0 runs, 0 hits, 0 errors, 0 left on base; Washington 4 - Los Angeles 1
BOTTOM OF THE 6TH
Los Angeles Dodgers batting - Pitching for Washington Nationals : RHP Danny Diaz
Batting: SHB Carlos Rodriguez 0-0: Ball
1-0: Fly out, F7 (Flyball, 78M, EV 95.6 MPH)
Batting: LHB Bob Branham 0-0: Foul Ball, location: 2F
0-1: Ball
1-1: Foul Ball, location: 2F
1-2: Foul Ball, location: 2F
1-2: Foul Ball, location: 2F
1-2: Ball
2-2: Ground out 3-1 (Groundball, 34, EV 81.9 MPH)
Batting: LHB Lirak Bazhunaishvili 0-0: Ball
1-0: Foul Ball, location: 2F
1-1: Swinging Strike
1-2: Fly out, F9 (Line Drive, 9LM, EV 107.5 MPH)
Bottom of the 6th over - 0 runs, 0 hits, 0 errors, 0 left on base; Washington 4 - Los Angeles 1
TOP OF THE 7TH
Washington Nationals batting - Pitching for Los Angeles Dodgers : LHP Alastair Tippett
Batting: LHB Armando Carbajal 0-0: Ground out 4-3 (Groundball, 4, EV 95.0 MPH)
Batting: RHB Luis Torres 0-0: Fly out, F9 (Line Drive, 9D, EV 88.1 MPH)
Batting: RHB Tommy Baird 0-0: Called Strike
0-1: Foul Ball, location: 2F
0-2: Ball
1-2: Fly out, F8 (Flyball, 8LXD, EV 99.4 MPH)
Top of the 7th over - 0 runs, 0 hits, 0 errors, 0 left on base; Washington 4 - Los Angeles 1
BOTTOM OF THE 7TH
Los Angeles Dodgers batting - Pitching for Washington Nationals : RHP Danny Diaz
Batting: RHB Clay Buchanan 0-0: Foul Ball, location: 2F
0-1: Foul Ball, location: 2F
0-2: SINGLE (Groundball, 4MD, EV 106.9 MPH)
Batting: LHB Ryan Taylor 0-0: Ball
1-0: Ball
2-0: Called Strike
2-1: Ball
3-1: Foul Ball, location: 2F
3-2: Foul Ball, location: 2F
3-2: DOUBLE (Line Drive, 5D, EV 101.9 MPH)
Clay Buchanan to third
Runner from 3rd tries for Home, SAFE, no throw by LF
Batting: RHB Tsutomu Irie 0-0: Ball
1-0: Ball
2-0: Sac Bunt to P - play at first, batter OUT! 1-3
Ryan Taylor to third
Batting: RHB Ben Mischnick 0-0: SINGLE (Flyball, 6D, EV 84.4 MPH)
Ryan Taylor scores
Batting: RHB Edwin Soto 0-0: Foul Ball, location: 2F
0-1: Fly out, F6 (Popup, 4MD, EV 58.8 MPH)
Batting: RHB Jorge Severiano 0-0: Ball
1-0: Called Strike
1-1: DOUBLE (Line Drive, 9LS, EV 100.6 MPH)
Ben Mischnick to third
Pitching: LHP Keith Pratt
Batting: SHB Carlos Rodriguez 0-0: Ball
1-0: Called Strike
1-1: Ground out 5-3 (Groundball, 56, EV 81.9 MPH)
Bottom of the 7th over - 2 runs, 4 hits, 0 errors, 2 left on base; Washington 4 - Los Angeles 3
TOP OF THE 8TH
Washington Nationals batting - Pitching for Los Angeles Dodgers : LHP Alastair Tippett
Batting: SHB Junzo Kato 0-0: Ball
1-0: Ball
2-0: Foul Ball, location: 2F
2-1: Foul Ball, location: 2F
2-2: Ball
3-2: Base on Balls
Pitching: LHP Gabe Reyes
Batting: RHB John Sanders 0-0: Ball
1-0: Ball
2-0: Fielders Choice at 2nd, 3-6 (Groundball, 34S, EV 82.5 MPH)
Pinch Hitting: RHB C.J. Beavers 0-0: Ball
1-0: Called Strike
1-1: Foul Ball, location: 2F
1-2: Foul Ball, location: 2F
1-2: Fly out, F7 (Flyball, 78M, EV 91.3 MPH)
Batting: RHB Dan Fallon 0-0: Ball
1-0: Called Strike
1-1: Fly out, F7 (Flyball, 78M, EV 93.8 MPH)
Top of the 8th over - 0 runs, 0 hits, 0 errors, 1 left on base; Washington 4 - Los Angeles 3
BOTTOM OF THE 8TH
Los Angeles Dodgers batting - Pitching for Washington Nationals : LHP Keith Pratt
Pitching: LHP Chris Baran
Now at 1B: Junzo Kato
Now at 3B: Masashi Yukizawa
Now in LF: Tommy Baird
Now in RF: Luis Ramos
Batting: LHB Bob Branham 0-0: Fly out, F7 (Line Drive, 7, EV 91.9 MPH)
Batting: LHB Lirak Bazhunaishvili 0-0: Ball
1-0: Ball
2-0: Ground out 4-3 (Groundball, 34, EV 86.3 MPH)
Batting: RHB Clay Buchanan 0-0: Ball
1-0: Ball
2-0: Called Strike
2-1: SINGLE (Flyball, 7LS, EV 96.9 MPH)
Batting: LHB Ryan Taylor 0-0: Fly out, F7 (Flyball, 7LS, EV 85.6 MPH)
Bottom of the 8th over - 0 runs, 1 hit, 0 errors, 1 left on base; Washington 4 - Los Angeles 3
TOP OF THE 9TH
Washington Nationals batting - Pitching for Los Angeles Dodgers : LHP Gabe Reyes
Batting: RHB Mike Blair 0-0: Called Strike
0-1: Ball
1-1: Ball
2-1: Foul Ball, location: 2F
2-2: Foul Ball, location: 2F
2-2: Ball
3-2: Foul Ball, location: 2F
3-2: Strikes out swinging, 2-3 out at first.
Batting: SHB Andrew Wray II 0-0: Fly out, F9 (Flyball, 89M, EV 91.9 MPH)
Batting: RHB Luis Ramos 0-0: Ball
1-0: Fly out, F6 (Flyball, 6MD, EV 88.8 MPH)
Top of the 9th over - 0 runs, 0 hits, 0 errors, 0 left on base; Washington 4 - Los Angeles 3
BOTTOM OF THE 9TH
Los Angeles Dodgers batting - Pitching for Washington Nationals : LHP Chris Baran
Batting: RHB Tsutomu Irie 0-0: Called Strike
0-1: Ball
1-1: Ball
2-1: Ground out 4-3 (Groundball, 4, EV 87.5 MPH)
Batting: RHB Ben Mischnick 0-0: Ball
1-0: Swinging Strike
1-1: Foul Ball, location: 2F
1-2: Strikes out swinging
Batting: RHB Edwin Soto 0-0: Swinging Strike
0-1: Swinging Strike
0-2: Strikes out swinging
Bottom of the 9th over - 0 runs, 0 hits, 0 errors, 0 left on base; Washington 4 - Los Angeles 3
Thursday, March 31st , 2022 - OOTP Baseball 22.12 Build 89